 Dungeon Crawl Stone Soup version 0.32-a0-306-gfed3edf829 (console) character file.

Game seed: 12971253509895368706

1446 jejorda2 the Chopper (level 8, -10/67 HPs)
             Began as a Gnoll Berserker on Feb 14, 2024.
             Was a Believer of Trog.
             Mangled by Maggie
             ... wielding a +1 heavy morningstar
              (25 damage)
             ... on level 6 of the Dungeon.
             The game lasted 00:07:39 (4882 turns).

jejorda2 the Chopper (Gnoll Berserker)              Turns: 4882, Time: 00:07:40

Health: -10/67     AC: 11    Str: 21    XL:     8   Next: 75%
Magic:  13/13      EV: 10    Int:  8    God:    Trog [**....]
Gold:   221        SH:  5    Dex: 11    Spells: 14/14 levels left

rFire   . . .        a - +0 hand axe
rCold   . . .        (no shield)
rNeg    . . .        B - +0 chain mail
rPois   +            v - +0 helmet
rElec   +            (no cloak)
rCorr   +            (no gloves)
SInv    .            (no boots)
Will    ++...        x - amulet "Ladghuic" {Reflect rElec rCorr Str+3 SH+5} Stlth
                     i - ring of poison resistance
HPRegen 1.31/turn    p - ring of resist corrosion
MPRegen 0.13/turn

%: reflection
@: strong-willed, on berserk cooldown, mesmerised, regenerating, slowed, very
slow
A: fangs 1, strong nose, distributed training
a: Renounce Religion, Berserk, Trog's Hand


You were on level 6 of the Dungeon.
You worshipped Trog.
Trog was pleased with you.
You visited 1 branch of the dungeon, and saw 6 of its levels.

You collected 221 gold pieces.

Inventory:

Hand Weapons
 a - a +0 hand axe (weapon)
 b - a +2 flail of protection
Missiles
 n - 8 poisoned darts (quivered)
Armour
 v - a +0 helmet (worn)
 B - a +0 chain mail (worn)
Jewellery
 i - a ring of poison resistance (left hand)
 p - a ring of resist corrosion (right hand)
 x - the amulet "Ladghuic" (around neck) {Reflect rElec rCorr Str+3 SH+5}
   (You found it on level 5 of the Dungeon)

   [amulet of reflection]

   Reflect:   It reflects blocked missile attacks.
   Str+3:     It affects your strength (+3).
   rElec:     It insulates you from electricity.
   rCorr:     It protects you from acid and corrosion.
   SH+5:      It affects your SH (+5).
Wands
 C - a wand of flame (10)
Scrolls
 c - a scroll of torment {unknown}
 d - 2 scrolls of revelation {unknown}
 f - 2 scrolls of amnesia {unknown}
 g - 2 scrolls of vulnerability {unknown}
 h - 10 scrolls of identify {unknown}
 k - 2 scrolls of blinking {unknown}
 l - 2 scrolls of teleportation {unknown}
 o - 2 scrolls of enchant armour {unknown}
 t - a scroll of poison {unknown}
 w - a scroll of butterflies {unknown}
 y - a scroll of fog {unknown}
 A - a scroll of enchant weapon {unknown}
Potions
 j - a potion of attraction {unknown}
 m - a potion of haste {unknown}
 q - a potion of mutation {unknown}
 s - a potion of lignification {unknown}
 u - a potion of magic {unknown}
 z - a potion of enlightenment {unknown}
 D - a potion of ambrosia


   Skills:
 + Level 7.6 Fighting
 + Level 3.7 Short Blades
 + Level 3.7 Long Blades
 + Level 7.6 Axes
 + Level 3.7 Maces & Flails
 + Level 3.7 Polearms
 + Level 3.7 Staves
 + Level 3.7 Ranged Weapons
 + Level 3.7 Throwing
 + Level 5.9 Armour
 + Level 5.9 Dodging
 + Level 3.7 Stealth
 + Level 3.7 Shields
 + Level 3.7 Unarmed Combat
 + Level 3.7 Spellcasting
 + Level 3.0 Conjurations
 + Level 3.0 Hexes
 + Level 3.0 Summonings
 + Level 3.0 Necromancy
 + Level 3.0 Translocations
 + Level 3.0 Fire Magic
 + Level 3.0 Ice Magic
 + Level 3.0 Air Magic
 + Level 3.0 Earth Magic
 + Level 3.0 Alchemy
 + Level 4.0 Invocations
 + Level 3.7 Evocations
 + Level 3.3 Shapeshifting


You had 14 spell levels left.
You didn't know any spells.
Your spell library was empty.

Dungeon Overview and Level Annotations

Branches:
Dungeon (6/15)             Temple (0/1) D:4

Altars:
Cheibriados
Elyvilon
Fedhas
Gozag

Annotations:
D:5 exclusion: 3 doors
D:6 Maggie


Innate Abilities, Weirdness & Mutations

You have very sharp teeth.
Your uncanny sense of smell can sniff out nearby items.
Your experience applies equally to all skills.


Message History

Maggie struggles against the net.
You slash Maggie!
Maggie is severely wounded.
Maggie struggles against the net.
The net rips apart, and Maggie comes free!
Maggie smiles, but it's obviously fake.
Maggie hits you with a +1 heavy morningstar!!
Your skin crawls.
You feel strong-willed.
Maggie gestures wildly while chanting.
Maggie attempts to bespell you! You resist with almost no effort.
You hit Maggie but do no damage.
Maggie is severely wounded.
Maggie hits you with a +1 heavy morningstar.
A scorpion comes into view.
You hit Maggie but do no damage.
Maggie is severely wounded.
Maggie hits you with a +1 heavy morningstar.
You hit Maggie but do no damage.
Maggie is severely wounded.
Maggie casts a spell.
Maggie attempts to bespell you!
You are mesmerised by Maggie!
You closely miss Maggie.
Maggie is severely wounded.
Maggie casts a spell at you. The bolt of fire hits you!
* * * LOW HITPOINT WARNING * * *
You hit Maggie. You bite Maggie, but do no damage.
Maggie is severely wounded.
Maggie gestures wildly while chanting.
Maggie draws you further into her thrall.
Maggie hits you with a +1 heavy morningstar.
* * * LOW HITPOINT WARNING * * *
It was a potion of curing.
You feel better. The scorpion stings you.
* * * LOW HITPOINT WARNING * * *
The scorpion stings you.
* * * LOW HITPOINT WARNING * * *
Maggie hits you with a +1 heavy morningstar!!
You die...

##≈ #≈≈# ####≈≈##
####### #...≈≈.##
#.....####
#.#~≈≈..#####.#.......
#...~~........@@.$....
#..~≈~...#####s.....##
#...~≈..~# #:####.#
#.~.≈~...# #..
##..(≈~~..# #..#
#....~≈..~# #....
#.#......~###.[.....
#.#..≈~~.........#..
#.#.~~~..~.#.# .....


You could see Maggie (mesmerising) and a scorpion.

Vanquished Creatures
  Prince Ribbit (D:6)
  Sigmund (D:5)
  Edmund (D:5)
  A sky beast (D:6)
  An ice beast (D:6)
  A kobold brigand (D:5)
  Blork the orc (D:5)
  A bullfrog (D:5)
  2 scorpions
  A howler monkey (D:4)
  2 hounds
  Natasha (thrice) (D:2)
  A sleepcap (D:6)
  2 iguanas
  2 orc wizards (D:4)
  3 adders
  A white imp (D:5)
  4 ufetubi (D:6)
  A dart slug (D:1)
  3 orcs
  5 bats
  3 endoplasms
  6 giant cockroaches
  7 goblins
  4 hobgoblins
  3 jackals (D:1)
  3 quokkas
  9 ball pythons
  A frilled lizard (D:3)
  9 kobolds
  A rat (D:1)
84 creatures vanquished.

Notes
Turn   | Place    | Note
-------+----------+-------------------------------------------
     0 | D:1      | jejorda2 the Gnoll Berserker began the quest for the Orb.
     0 | D:1      | Reached XP level 1. HP: 23/23 MP: 1/1
   198 | D:1      | Reached XP level 2. HP: 28/29 MP: 2/2
   410 | D:1      | Reached XP level 3. HP: 35/35 MP: 3/3
   657 | D:1      | Reached skill level 1 in Invocations
   889 | D:2      | Noticed Natasha
   898 | D:2      | Killed Natasha
   899 | D:2      | Reached skill level 1 in Short Blades
   899 | D:2      | Reached skill level 1 in Long Blades
   899 | D:2      | Reached skill level 1 in Maces & Flails
   899 | D:2      | Reached skill level 1 in Polearms
   899 | D:2      | Reached skill level 1 in Staves
   899 | D:2      | Reached skill level 1 in Ranged Weapons
   899 | D:2      | Reached skill level 1 in Throwing
   899 | D:2      | Reached skill level 1 in Stealth
   899 | D:2      | Reached skill level 1 in Shields
   899 | D:2      | Reached skill level 1 in Unarmed Combat
   899 | D:2      | Reached skill level 1 in Spellcasting
   899 | D:2      | Reached skill level 1 in Evocations
   899 | D:2      | Reached skill level 1 in Shapeshifting
   899 | D:2      | Reached XP level 4. HP: 28/41 MP: 5/5
  1179 | D:2      | Reached skill level 1 in Conjurations
  1179 | D:2      | Reached skill level 1 in Hexes
  1179 | D:2      | Reached skill level 1 in Summonings
  1179 | D:2      | Reached skill level 1 in Necromancy
  1179 | D:2      | Reached skill level 1 in Translocations
  1179 | D:2      | Reached skill level 1 in Fire Magic
  1179 | D:2      | Reached skill level 1 in Ice Magic
  1179 | D:2      | Reached skill level 1 in Air Magic
  1179 | D:2      | Reached skill level 1 in Earth Magic
  1179 | D:2      | Reached skill level 1 in Alchemy
  1207 | D:2      | Reached ** piety under Trog
  1425 | D:2      | Noticed Natasha
  1434 | D:2      | Killed Natasha
  1606 | D:2      | Noticed Natasha
  1616 | D:2      | Killed Natasha
  1617 | D:2      | Reached XP level 5. HP: 31/47 MP: 7/7
  2240 | D:4      | Found a staircase to the Ecumenical Temple.
  2269 | D:4      | Reached XP level 6. HP: 49/53 MP: 8/8
  2299 | D:4      | Reached skill level 5 in Armour
  2299 | D:4      | Reached skill level 5 in Dodging
  2839 | D:4      | Found a blossoming altar of Fedhas.
  3515 | D:5      | Entered Level 5 of the Dungeon
  3544 | D:5      | Noticed Blork the orc
  3561 | D:5      | Killed Blork the orc
  3562 | D:5      | Reached XP level 7. HP: 49/60 MP: 10/10
  3697 | D:5      | Identified the amulet "Ladghuic" {Reflect rElec rCorr Str+3
                  | SH+5}
  3731 | D:5      | Found an opulent altar of Gozag.
  3872 | D:5      | Found a white marble altar of Elyvilon.
  4133 | D:5      | Noticed Sigmund
  4148 | D:5      | Killed Sigmund
  4192 | D:5      | Noticed Edmund
  4205 | D:5      | Killed Edmund
  4206 | D:5      | Reached XP level 8. HP: 67/67 MP: 12/12
  4370 | D:5      | Found a snail-covered altar of Cheibriados.
  4653 | D:6      | Noticed Prince Ribbit
  4677 | D:6      | Killed Prince Ribbit
  4854 | D:6      | Noticed Maggie
  4882 | D:6      | Mangled by Maggie

Illustrated notes

Levels and vault maps discovered:
D:1:      dpeg_arrival_circle_labyrinth_c, layout_loops_ring
D:2:      layout_loops_cross, uniq_natasha
D:3:      layout_loops_cross
D:4:      layout_basic, mainiacjoe_overflow_tiny_flanked,
          minmay_temple_entry_statues_fountains, chequers_serial_rivers_large_b
D:5:      nicolae_cairo_tiling_very_big, layout_cave_pools,
          mainiacjoe_overflow_concentric_impassable, kennysheep_mini_moat,
          slow_altar_2, blue_anna_alchemist, serial_library_hellmonk_room_b,
          sigmund_edmund_badplayer, uniq_blork_the_orc
D:6:      cheibrodos_two_vegetables, layout_rooms, trog_three_pillars_becter,
          serial_rivers, chequers_serial_rivers_micro_b,
          chequers_serial_rivers_micro_d, chequers_serial_rivers_small_b,
          chequers_serial_rivers_small_3, chequers_serial_rivers_small_3,
          chequers_serial_rivers_marsh, uniq_prince_ribbit1, uniq_duvessa,
          uniq_maggie

Skill      XL: |  1  2  3  4  5  6  7  8 |
---------------+-------------------------+-----
Invocations    | 1 2 3 4 |  4.0
Short Blades   | 1 2 3 |  3.7
Long Blades    | 1 2 3 |  3.7
Maces & Flails | 1 2 3 |  3.7
Polearms       | 1 2 3 |  3.7
Staves         | 1 2 3 |  3.7
Ranged Weapons | 1 2 3 |  3.7
Throwing       | 1 2 3 |  3.7
Stealth        | 1 2 3 |  3.7
Shields        | 1 2 3 |  3.7
Unarmed Combat | 1 2 3 |  3.7
Spellcasting   | 1 2 3 |  3.7
Evocations     | 1 2 3 |  3.7
Shapeshifting  | 1 2 3 |  3.3
Conjurations   | 1 2 3 |  3.0
Hexes          | 1 2 3 |  3.0
Summonings     | 1 2 3 |  3.0
Necromancy     | 1 2 3 |  3.0
Translocations | 1 2 3 |  3.0
Fire Magic     | 1 2 3 |  3.0
Ice Magic      | 1 2 3 |  3.0
Air Magic      | 1 2 3 |  3.0
Earth Magic    | 1 2 3 |  3.0
Alchemy        | 1 2 3 |  3.0
Armour         | 5 |  5.9
Dodging        | 5 |  5.9
Fighting       | 7 |  7.6
Axes           | 7 |  7.6

Action                     |  1- 3 |  4- 6 |  7- 9 || total
---------------------------+-------+-------+-------++-------
  Melee: Hand axe          |    52 |   204 |   157 ||   413
         Bite              |     1 |    11 |    21 ||    33
  Throw: Throwing net      |       |       |     1 ||     1
 Invoke: Trog's Hand       |       |     1 |     3 ||     4
         Berserk           |       |       |     3 ||     3
    Use: Potion            |       |       |     1 ||     1
   Stab: Held in net/web   |       |       |     1 ||     1
 Armour: Scale mail        |    44 |   124 |    30 ||   198
         Chain mail        |       |       |    64 ||    64
  Dodge: Dodged            |    39 |    86 |    65 ||   190
  Block: Other             |       |       |    25 ||    25

Table legend: (Time is in decaauts)
 A = Elapsed time spent in this place.
 B = Non-inter-level travel time spent in this place.
 C = Inter-level travel time spent in this place.
 D = Time resting spent in this place.
 E = Time spent auto-exploring this place.
 F = Levels seen in this place.
 G = Mean time per level.
                   A        B        C        D        E       F      G
               +--------+--------+--------+--------+--------+-----+--------+
         Total |   4929 |   4737 |    192 |     74 |   3835 |   6 |  821.5 |
       Dungeon |   4929 |   4737 |    192 |     74 |   3835 |   6 |  821.5 |
               +--------+--------+--------+--------+--------+-----+--------+

Top non-repeatable levels by time:
     D:4: 1320 daAuts
     D:5: 1251 daAuts
     D:1: 849 daAuts
     D:2: 781 daAuts
     D:3: 602 daAuts
     D:6: 124 daAuts
